 Dungeon Crawl Stone Soup version 0.28-a0-983-g1de4e0787c (webtiles) character file.

Game seed: 11910626407156752616

63 Redcow54321 the Skirmisher (level 3, -4/33 HPs)
             Began as a Demigod Fighter on Dec 3, 2021.
             Slain by Crazy Yiuf (11 damage)
             ... on level 3 of the Dungeon.
             The game lasted 00:03:45 (3013 turns).

Redcow54321 the Skirmisher (Demigod Fighter)        Turns: 3013, Time: 00:03:46

Health: -4/33      AC: 13    Str: 21    XL:     3   Next: 61%
Magic:  5/5        EV:  9    Int: 10    God:
Gold:   88         SH:  0    Dex: 13    Spells: 2/2 levels left

rFire   . . .      SeeInvis .     - Unarmed
rCold   . . .      Faith    .   (no shield)
rNeg    . . .      Spirit   .   a - +0 scale mail
rPois   .          Reflect  .   (no helmet)
rElec   .          Harm     .   j - +2 cloak {Stlth+}
rCorr   .          Rampage  .   (no gloves)
Will    .....                   (no boots)
Stlth   +.........              (no amulet)
HPRegen 0.11/turn               d - +4 ring of protection
MPRegen 0.09/turn               (no ring)

@: no status effects
A: high mp 1, forlorn, divine attributes
a: no special abilities


You were on level 3 of the Dungeon.
You visited 1 branch of the dungeon, and saw 4 of its levels.

You collected 88 gold pieces.

Inventory:

Armour
 a - a +0 scale mail (worn)
 b - a +0 buckler
 j - a +2 cloak of stealth (worn)
Jewellery
 d - a +4 ring of protection (left hand)
Scrolls
 e - 3 scrolls of identify {unknown}
 f - a scroll of fog {unknown}
 h - a scroll of immolation {unknown}
 i - a scroll of vulnerability {unknown}
 l - a scroll of amnesia {unknown}
Potions
 c - a potion of might
 g - a potion of attraction {unknown}
 k - a potion of curing {unknown}


   Skills:
 * Level 3.6 Fighting
 - Level 2.6 Armour
 - Level 2.6 Shields
 + Level 2.9 Unarmed Combat


You had 2 spell levels left.
You didn't know any spells.
Your spell library contained the following spells:

 Spells                   Type           Power      Damage    Failure   Level
 Foxfire                  Conj/Fire      0%         2x1d4     71%         1
 Conjure Flame            Conj/Fire      0%         6-21      97%         3
 Inner Flame              Hex/Fire       0%         N/A       97%         3
 Flame Wave               Conj/Fire      0%         2d4       100%        4
 Fireball                 Conj/Fire      0%         3d3       100%        5
 Starburst                Conj/Fire      0%         6d3       100%        6
 Ignition                 Fire           0%         3d3       100%        8


Dungeon Overview and Level Annotations

Branches:
Dungeon (4/15)
 Temple: D:4-7

Annotations:
D:3 Crazy Yiuf


Innate Abilities, Weirdness & Mutations

You have an increased reservoir of magic. (+10% MP)
You shall have no god before yourself.
Your divine heritage dramatically boosts your attributes as you level up.


Message History

The quokka is severely wounded.
The quokka bites you but does no damage.
You hit the quokka.
You kill the quokka!
No target in view!
You see here 23 stones.
There's nothing to close nearby.
Unknown command.
There's nothing to close nearby.
As you open the door, it creaks loudly!
You hit Crazy Yiuf.
Crazy Yiuf is moderately wounded.
Crazy Yiuf closely misses you.
You hit Crazy Yiuf.
Crazy Yiuf is moderately wounded.
Crazy Yiuf misses you.
You hit Crazy Yiuf but do no damage.
Crazy Yiuf is moderately wounded.
Crazy Yiuf hits you with a +3 quarterstaff of chaos.
You hit Crazy Yiuf.
Crazy Yiuf is heavily wounded.
Crazy Yiuf hits you with a +3 quarterstaff of chaos.
You barely miss Crazy Yiuf.
Crazy Yiuf is heavily wounded.
Crazy Yiuf barely misses you.
You hit Crazy Yiuf but do no damage.
Crazy Yiuf is heavily wounded.
Crazy Yiuf whimpers, "Nubble!"
Crazy Yiuf closely misses you.
You hit Crazy Yiuf.
Crazy Yiuf is severely wounded.
Crazy Yiuf hits you but does no damage.
You are electrocuted!
* * * LOW HITPOINT WARNING * * *
You barely miss Crazy Yiuf.
Crazy Yiuf is severely wounded.
Crazy Yiuf completely misses you.
You barely miss Crazy Yiuf.
Crazy Yiuf is severely wounded.
Crazy Yiuf hits you with a +3 quarterstaff of chaos!
You die...

#######....#.##...#...######
#............###..#.)..###
#.#####.......(.#...##...##
#.# #############........#
#.# #.###.##.# #.# #..# .. .
#.##### ### ##.# ###
#.....## ###..)# #..†#
#......####@g...# #....#
##......#..##...# ###...#
##....#.### ### .#.#
######## ...# .. . #....


You could see Crazy Yiuf.

Vanquished Creatures
  An adder (D:3)
  2 worms (D:2)
  A dart slug (D:1)
  An orc (D:3)
  3 endoplasms
  A giant cockroach (D:2)
  6 hobgoblins
  3 jackals (D:1)
  4 quokkas
  2 ball pythons
  A bat (D:2)
  3 frilled lizards
  5 goblins
  5 kobolds
  3 rats
41 creatures vanquished.

Vanquished Creatures (others)
  A plant (D:1)
  4 toadstools (D:1)
5 creatures vanquished.

Grand Total: 46 creatures vanquished

Notes
Turn   | Place    | Note
-------+----------+-------------------------------------------
     0 | D:1      | Redcow54321 the Demigod Fighter began the quest for the
                  | Orb.
     0 | D:1      | Reached XP level 1. HP: 18/18 MP: 3/3
   106 | D:1      | Reached skill level 3 in Fighting
   326 | D:1      | Reached XP level 2. HP: 26/26 MP: 4/4
  1555 | D:2      | Reached XP level 3. HP: 16/31 MP: 5/5
  2925 | D:3      | Found a runed translucent door.
  2926 | D:3      | Noticed Crazy Yiuf
  3013 | D:3      | Slain by Crazy Yiuf

Illustrated notes

Levels and vault maps discovered:
D:1:      ldierk_walled_garden_2, layout_loops_ring
D:2:      layout_basic, dreamdust_ecumenical_altar_grove
D:3:      layout_rooms, uniq_crazy_yiuf_cottage
D:4:      layout_cave_pods, fedhas_altar_fruit_tree, enter_ossuary_5

Skill      XL: |  1  2 |
---------------+-------+-----
Fighting       | 3 |  3.6
Unarmed Combat | 2 |  2.9
Armour         | |  2.6
Shields        | |  2.6

Action                   || total
-------------------------++-------
Melee: Unarmed           ||   233
       Punch             ||     2
Armor: Scale mail        ||   106
Dodge: Dodged            ||   131

Table legend: (Time is in decaauts)
 A = Elapsed time spent in this place.
 B = Non-inter-level travel time spent in this place.
 C = Inter-level travel time spent in this place.
 D = Time resting spent in this place.
 E = Time spent auto-exploring this place.
 F = Levels seen in this place.
 G = Mean time per level.
                   A        B        C        D        E       F      G
               +--------+--------+--------+--------+--------+-----+--------+
         Total |   3008 |   2878 |    130 |    245 |   2207 |   4 |  752.0 |
       Dungeon |   3008 |   2878 |    130 |    245 |   2207 |   4 |  752.0 |
               +--------+--------+--------+--------+--------+-----+--------+

Top non-repeatable levels by time:
     D:2: 1446 daAuts
     D:1: 997 daAuts
     D:3: 562 daAuts
     D:4: 1 daAuts
